 Dungeon Crawl Stone Soup version 0.31.0-1-g2c135a008e (webtiles) character file.

Game seed: 1981924439426245408

58 qw the Shooter (level 4, -3/35 HPs)
             Began as a Djinni Hunter on Jan 23, 2024.
             Slain by an orc
             ... wielding a +0 trident
              (6 damage)
             ... on level 3 of the Dungeon.
             The game lasted 00:00:04 (1343 turns).

qw the Shooter (Djinni Hunter)                      Turns: 1343, Time: 00:00:05

Health: -3/35      AC:  5    Str: 10    XL:     4   Next: 21%
Gold:   163        EV: 12    Int: 10    God:
                   SH:  0    Dex: 19

rFire   + + .        a - +0 shortbow
rCold   x . .        (shield currently unavailable)
rNeg    . . .        c - +0 leather armour
rPois   inf          (no helmet)
rElec   .            h - +1 cloak
rCorr   .            (no gloves)
SInv    .            (boots unavailable)
Will    .....        (no amulet)
Stlth   ++           (no ring)
HPRegen 0.25/turn    (no ring)
MPRegen 0.00/turn

%: infuse magic (-4 HP)
@: flying
A: sickness immunity, fire resistance 2, cold vulnerability 1, float, innate
caster, HP casting, extra vitality 1
a: no special abilities


You were on level 3 of the Dungeon.
You visited 1 branch of the dungeon, and saw 3 of its levels.

You collected 163 gold pieces.


Innate Abilities, Weirdness & Mutations

You are immune to sickness and miasma.
You are immune to poison.
Your flesh is very heat resistant. (rF++)
You are vulnerable to cold. (rC-)
You float through the air rather than walking.
You learn spells naturally, not from books.
Your magical power is your life essence.
You have superior vitality. (+4 MHP)


   Skills:
 - Level 3.0 Fighting
 - Level 4.1 Ranged Weapons
 + Level 2.1 Dodging
 - Level 0.7 Stealth


You knew the following spells:

 Your Spells              Type           Power      Damage    Failure   Level
a - Shock                 Conj/Air       0%         1d3       45%         1
Your spell library was empty.

Inventory:

Hand Weapons
 a - a +0 shortbow (weapon)
Armour
 c - a +0 leather armour (worn)
 h - a +1 cloak (worn)
Wands
 k - a wand of mindburst (6)
Potions
 f - 2 potions of curing
 i - a potion of enlightenment
 j - a potion of might

Dungeon Overview and Level Annotations

Branches:
Dungeon (3/15)

Altars:


Message History

You shoot an arrow.
The arrow closely misses the orc wizard.
The orc hits you but does no damage.
You shoot an arrow. The arrow hits the orc wizard.
The orc wizard is lightly wounded.
The orc wizard hits you but does no damage.
The orc wizard casts a spell.
The orc wizard flickers and vanishes!
Deactivating autopickup; reactivate with Ctrl-A.
The orc closely misses you.
The orc wizard hits you but does no damage.
The orc barely misses you.
Autopickup is now on.
You shoot an arrow.
The arrow closely misses the orc wizard.
The orc misses you. The orc wizard misses you.
You shoot an arrow. The arrow hits the orc wizard.
The orc wizard is moderately wounded.
The orc barely misses you. The orc wizard closely misses you.
You shoot an arrow. The arrow misses the orc wizard.
The orc wizard hits you but does no damage.
The orc hits you from afar with a +0 trident.
You shoot an arrow. The arrow hits the orc wizard.
The orc wizard is severely wounded.
The orc closely misses you.
You shoot an arrow.
The arrow completely misses the orc wizard.
The orc wizard completely misses you.
The orc hits you from afar with a +0 trident.
A dart slug comes into view.
The orc misses you.
The orc wizard hits you with a +0 dagger.
Something hits you but does no damage.
Deactivating autopickup; reactivate with Ctrl-A.
Autopickup is now on.
You shoot an arrow.
The arrow hits the orc wizard but does no damage.
The orc wizard is severely wounded.
The orc hits you from afar with a +0 trident.
You die...

.....o. #
....o.. #.
...o.
#.###....
###)....o#####
#............#
#..wo##
#...)o#
.....###@#
.... #.# ...
#.# ## ..# ###


You could see an orc wizard, a dart slug and an orc.

Vanquished Creatures
  3 adders (D:2)
  5 orcs (D:3)
  2 bats
  An endoplasm (D:1)
  A giant cockroach (D:1)
  A goblin (D:1)
  3 hobgoblins (D:1)
  2 kobolds (D:1)
  A quokka (D:1)
  2 ball pythons
  2 frilled lizards
  6 rats
29 creatures vanquished.

Notes
Turn   | Place    | Note
-------+----------+-------------------------------------------
     0 | D:1      | qw the Djinni Hunter began the quest for the Orb.
     0 | D:1      | Reached XP level 1. HP: 18/18 MP: 0/0
     0 | D:1      | 0 ||| qw: Version: 0.3-a-134-g2ba4250
     0 | D:1      | 0 ||| qw: Game counter: 756
     0 | D:1      | 0 ||| qw: Melee chars always use a shield: true
     0 | D:1      | 0 ||| qw: God list: Okawaru
     0 | D:1      | 0 ||| qw: Allow faded altars: false
     0 | D:1      | 0 ||| qw: Do Orc after clearing Dungeon:15 true
     0 | D:1      | 0 ||| qw: Do second Lair branch before Depths: true
     0 | D:1      | 0 ||| qw: Lair rune preference: random
     0 | D:1      | 0 ||| qw: Goals: Normal
     0 | D:1      | 0 ||| PLANNING D:1-11
   101 | D:1      | Reached XP level 2. HP: 23/23 MP: 0/0
   173 | D:1      | Found a faded altar of an unknown god.
   394 | D:1      | 394 ||| UPGRADING to +0 cloak.
   399 | D:1      | 399 ||| READING 4 scrolls labelled QATILY MAKOWOIPS.
   500 | D:1      | 500 ||| READING 3 scrolls labelled QIDIEXEXOTT.
   500 | D:1      | 500 ||| IDENTIFYING golden potion
   501 | D:1      | 501 ||| READING 2 scrolls of identify.
   501 | D:1      | 501 ||| IDENTIFYING scroll labelled GIZEIG XEPSISU
   502 | D:1      | 502 ||| READING scroll of enchant armour.
   502 | D:1      | 502 ||| ENCHANTING +0 cloak.
   503 | D:1      | 503 ||| DROPPING scroll of butterflies.
   504 | D:1      | 504 ||| DROPPING 3 scrolls of vulnerability.
   539 | D:2      | Reached skill level 4 in Ranged Weapons
   539 | D:2      | Reached XP level 3. HP: 25/28 MP: 0/0
   539 | D:2      | Learned a level 1 spell: Shock
   881 | D:2      | Identified the +2 mace of Douk {flame, Str-5 Dex+4}
  1274 | D:2      | 1274 ||| READING 2 scrolls of identify.
  1274 | D:2      | 1274 ||| IDENTIFYING emerald potion
  1275 | D:2      | 1275 ||| READING scroll of identify.
  1275 | D:2      | 1275 ||| IDENTIFYING green potion
  1276 | D:2      | 1276 ||| READING scroll labelled HASU XIFONUIJUIPT.
  1277 | D:2      | 1277 ||| READING scroll labelled TUIRUSHRUB.
  1278 | D:2      | 1278 ||| READING scroll labelled MEUFRO AXAS.
  1313 | D:3      | Reached XP level 4. HP: 34/34 MP: 0/0
  1318 | D:3      | 1318 ||| RETREEEEATING.
  1320 | D:3      | 1320 ||| RETREEEEATING.
  1332 | D:3      | Reached skill level 3 in Fighting
  1342 | D:3      | HP: 6/35 [orc/+0 trident (3)]
  1343 | D:3      | Slain by an orc

Levels and vault maps discovered:
D:1:      minmay_arrival_cross, layout_rooms, hellmonk_ecumenical_altar_run_dry
D:2:      layout_basic
D:3:      layout_basic, gammafunk_ghost_icy, chequers_avenue

Skill      XL: |  1  2  3  4 |
---------------+-------------+-----
Ranged Weapons | 4 |  4.1
Fighting       | 3 |  3.0
Dodging        | |  2.1
Stealth        | |  0.7

Action                     |  1- 3 |  4- 6 || total
---------------------------+-------+-------++-------
   Fire: Shortbow          |    64 |    27 ||    91
    Use: Scroll            |     9 |       ||     9
 Armour: Leather armour    |    10 |    20 ||    30
  Dodge: Dodged            |     6 |    22 ||    28

Table legend:
 A = Non-vault XP
 B = Vault XP
 C = Vault XP percentage of total XP
 D = Non-vault monster count
 E = Vault monster count
 F = Vault count percentage of total count
                 A         B        C        D         E       F
            +---------+---------+-------+---------+---------+-------
      Total |      84 |       0 |   0.0 |      29 |       0 |   0.0
            +---------+---------+-------+---------+---------+-------
        D:1 |      25 |       0 |   0.0 |      16 |       0 |   0.0
        D:2 |      43 |       0 |   0.0 |       7 |       0 |   0.0
        D:3 |      16 |       0 |   0.0 |       6 |       0 |   0.0
            +---------+---------+-------+---------+---------+-------
